 Dungeon Crawl Stone Soup version 0.20.0-7-g3b7b877 (webtiles) character file.

2640 Inarius the Stinger (level 9, 0/70 (71) HPs)
             Began as a Pale Draconian Venom Mage on May 29, 2017.
             Was an Initiate of Vehumet.
             Slain by a hornet (15 damage)
             ... on level 10 of the Dungeon.
             The game lasted 00:31:29 (8988 turns).

Inarius the Stinger (Pale Draconian Venom Mage)     Turns: 8988, Time: 00:31:31

HP:   0/70 (71)     AC: 11    Str:  9    XL:     9   Next: 35%
MP:   12/16         EV: 14    Int: 18    God:    Vehumet [......]
Gold: 354           SH:  0    Dex: 12    Spells: 0/18 levels left

rFire    . . .     SeeInvis .   B - +1 long sword (elec)
rCold    . . .     Gourm    .   (no shield)
rNeg     . . .     Faith    .   (armour unavailable)
rPois    .         Spirit   .   i - +0 hat
rElec    .         Reflect  .   k - +0 cloak
rCorr    .         Harm     .   (no gloves)
MR       +....                  (no boots)
Stlth    +++.......             (no amulet)
Regen    0.3/turn               G - ring of stealth
MPRegen  0.2/turn               s - +3 ring of protection

@: lethally poisoned (0 -> -22), slowed, very slow
A: breathe steam, unfitting armour, blink, magic resistance 1, sense
surroundings 1, weak 1, cold-blooded, AC +7
a: Breathe Steam, Blink, Renounce Religion


You were on level 10 of the Dungeon.
You worshipped Vehumet.
Vehumet was noncommittal.
You were not hungry.

You visited 2 branches of the dungeon, and saw 9 of its levels.

You collected 434 gold pieces.
You spent 80 gold pieces at shops.

Inventory:

Hand Weapons
 r - a +3 flail of protection
 B - a +1 long sword of electrocution (weapon)
Armour
 i - a +0 hat (worn)
 k - a +0 cloak (worn)
Jewellery
 q - an uncursed ring of fire
 s - a +3 ring of protection (right hand)
 D - an uncursed ring of resist corrosion
 G - a ring of stealth (left hand)
Wands
 f - a wand of flame (8/48) (quivered)
 h - a wand of digging (16/24)
 n - a wand of random effects (23/48)
 y - a wand of acid (5/15)
 z - a wand of random effects (23/48)
 C - a wand of lightning (10/15)
Scrolls
 e - a scroll of recharging {unknown}
 o - a scroll of immolation
 t - a scroll of remove curse
 v - a scroll of brand weapon {unknown}
 x - a scroll of fear
 F - a scroll of summoning {unknown}
Potions
 c - 2 potions of magic
 d - a potion of ambrosia
 l - 3 potions of lignification {unknown}
 p - a potion of cancellation
 u - a potion of heal wounds {unknown}
 w - 3 potions of curing
 A - a potion of brilliance {unknown}
Books
 a - a Young Poisoner's Handbook

   Spells                             Type                      Level
   a - Sting                          Conjuration/Poison           1
   b - Poisonous Vapours              Poison/Air                   2
   c - Mephitic Cloud                 Conjuration/Poison/Air       3
   d - Olgreb's Toxic Radiance        Poison                       4
   e - Venom Bolt                     Conjuration/Poison           5
 E - a book of Clouds

   Spells                             Type                      Level
   a - Poisonous Vapours              Poison/Air                   2
   b - Mephitic Cloud                 Conjuration/Poison/Air       3
   c - Conjure Flame                  Conjuration/Fire             3
   d - Freezing Cloud                 Conjuration/Ice/Air          6
   e - Ring of Flames                 Charms/Fire                  7
Comestibles
 b - 2 bread rations
 g - 4 meat rations
 j - 9 fruits
 m - 2 royal jellies


   Skills:
 + Level 3.8 Fighting
 - Level 1.2 Maces & Flails
 * Level 5.1 Dodging
 - Level 1.7 Stealth
 + Level 5.1 Spellcasting
 * Level 5.5 Conjurations
 + Level 3.8 Air Magic
 + Level 6.0 Poison Magic
 * Level 4.6 Evocations


You couldn't memorise any spells.
You knew the following spells:

 Your Spells              Type           Power        Failure   Level  Hunger
a - Sting                 Conj/Pois      ####         1%          1    None
b - Poisonous Vapours     Pois/Air       ###...       2%          2    #......
c - Olgreb's Toxic Radia  Pois           ####....     11%         4    ####...
d - Mephitic Cloud        Conj/Pois/Air  ###.....     4%          3    ##.....
e - Conjure Flame         Conj/Fire      ##......     13%         3    ##.....
f - Venom Bolt            Conj/Pois      ####......   34%         5    ######.


Dungeon Overview and Level Annotations

Branches:
Dungeon (7/15)             Temple (1/1) D:7

Altars:
Ashenzari
Dithmenos
Elyvilon
Fedhas
Gozag
Hepliaklqana
Makhleb
Nemelex Xobeh
Okawaru
Qazlal
Ru
Sif Muna
Uskayaw
Vehumet
Xom
Zin
The Shining One

Shops:
D:7 !


Innate Abilities, Weirdness & Mutations

You can breathe blasts of scalding, opaque steam.
Your pale cyan-grey scales are hard. (AC +7)
You cannot fit into any form of body armour.
You are cold-blooded and may be slowed by cold attacks.
You can translocate small distances at will.
You are resistant to hostile enchantments. (MR+)
You passively map a small area around you.
You are weak. (Str -2)


Message History

Unknown command.
Casting: Poisonous Vapours
Confirm with . or Enter, or press ? or * to list all spells.
Aiming: Poisonous Vapours
Press: ? - help, Dir - move target cursor, f/p - hornet
Aim: a hornet (moderately wounded, poisoned) Poisonous vapours surround the hornet!
You feel very sick.
The hornet is engulfed in poison gas.
The hornet looks even sicker.
The hornet stings you!
* * * LOW HITPOINT WARNING * * *
You are lethally poisoned!
You feel as though you will be slow longer.
The hornet is engulfed in poison gas.
The hornet looks as sick as possible!
The hornet stings you.
* * * LOW HITPOINT WARNING * * *
You feel as though you will be slow longer.
The hornet is engulfed in poison gas.
The hornet looks as sick as possible!
The hornet stings you!
You die...

#.........*
......... *
*#........,
#........,
#........
#........
#######........
,
#..............
#@y............
#..............
,,
#..............
,
#######....#+##
#....# #....#,
#....#
#######....#
#..........###
,


You could see a hornet.

Vanquished Creatures
  A centaur skeleton (D:6)
  Menkaure (D:5)
  Edmund (D:4)
  2 sky beasts (D:7)
  An orc warrior (D:6)
  3 ice beasts
  2 ogres
  A necrophage (D:6)
  A centaur (D:7)
  2 phantoms
  2 bullfrogs
  7 wights (D:6)
  4 crimson imps
  A jelly (D:7)
  An orc wizard (D:6)
  An iguana (D:6)
  2 worker ants (D:7)
  2 worker ant zombies
  Robin (D:4)
  7 gnolls
  13 adders
  2 shadow imps
  2 oozes
  An adder zombie (D:6)
  2 adder skeletons
  4 worms
  4 leopard geckos
  6 orcs
  3 giant cockroaches
  18 goblins
  13 hobgoblins
  4 jackals
  5 quokkas
  A ball python (D:3)
  3 bats
  A frilled lizard (D:2)
  A giant cockroach zombie (D:5)
  A jackal skeleton (D:4)
  9 kobolds
  A leopard gecko zombie (D:6)
  2 quokka zombies (D:6)
  7 rats
146 creatures vanquished.

Notes
Turn   | Place    | Note
-------+----------+-------------------------------------------
     0 | D:1      | Inarius the Draconian Venom Mage began the quest for the Orb.
     0 | D:1      | Reached XP level 1. HP: 14/14 MP: 3/3
    95 | D:1      | Reached XP level 2. HP: 20/20 MP: 1/5
  1066 | D:2      | Found a shimmering altar of Xom.
  1066 | D:2      | Found a shimmering altar of Xom.
  1069 | D:2      | Found a shimmering altar of Xom.
  1071 | D:2      | Reached XP level 3. HP: 25/26 MP: 2/6
  1078 | D:2      | Learned a level 2 spell: Poisonous Vapours
  1190 | D:2      | Found a shimmering altar of Xom.
  1192 | D:2      | Found a shimmering altar of Xom.
  1797 | D:2      | Reached XP level 4. HP: 33/33 MP: 3/7
  2599 | D:3      | Reached skill level 4 in Poison Magic
  3116 | D:3      | Reached XP level 5. HP: 39/39 MP: 6/9
  3292 | D:3      | Learned a level 4 spell: Olgreb's Toxic Radiance
  3418 | D:3      | Found a sacrificial altar of Ru.
  3448 | D:3      | Reached skill level 1 in Air Magic
  3822 | D:3      | Reached skill level 1 in Fighting
  4124 | D:4      | Noticed Edmund
  4175 | D:4      | Killed Edmund
  4175 | D:4      | Reached XP level 6. HP: 14/47 MP: 0/11
  4472 | D:4      | Noticed an ice beast
  4885 | D:4      | Found a stormy altar of Qazlal.
  4984 | D:4      | Found a white marble altar of Elyvilon.
  5062 | D:4      | Killed an ice beast
  5307 | D:4      | Noticed Robin
  5312 | D:4      | Killed Robin
  5654 | D:5      | Entered Level 5 of the Dungeon
  5733 | D:5      | Reached skill level 1 in Maces & Flails
  5733 | D:5      | Your scales start taking on a pale cyan-grey colour.
  5733 | D:5      | Reached XP level 7. HP: 55/55 MP: 2/12
  5863 | D:5      | Noticed Menkaure
  5884 | D:5      | Killed Menkaure
  5894 | D:5      | Reached skill level 5 in Poison Magic
  5894 | D:5      | Reached skill level 1 in Evocations
  6237 | D:5      | Found a blossoming altar of Fedhas.
  6834 | D:6      | Reached XP level 8. HP: 48/61 MP: 14/14
  7811 | D:6      | Reached skill level 5 in Conjurations
  7938 | D:6      | Reached XP level 9. HP: 56/69 MP: 16/16
  8355 | D:7      | Reached skill level 5 in Spellcasting
  8363 | D:7      | Found Lulorox's Distillery.
  8389 | D:7      | Reached skill level 5 in Dodging
  8482 | D:7      | Reached skill level 6 in Poison Magic
  8486 | D:7      | Gained mutation: You expend magic power (3 MP) to strengthen your wands. [mutagenic meat]
  8487 | D:7      | Gained mutation: You tend to lose your temper in combat. [mutagenic meat]
  8488 | D:7      | Gained mutation: You have sharp toenails. [mutagenic meat]
  8489 | D:7      | Gained mutation: Your skin changes colour to match your surroundings (Stealth+). [mutagenic meat]
  8490 | D:7      | Gained mutation: Your tail ends in a poisonous barb. [mutagenic meat]
  8491 | D:7      | Gained mutation: You are clumsy. (Dex -2) [mutagenic meat]
  8543 | D:7      | Bought a potion of mutation for 80 gold pieces
  8543 | D:7      | Lost mutation: Your tail ends in a poisonous barb. [potion of mutation]
  8543 | D:7      | Lost mutation: Your skin changes colour to match your surroundings (Stealth+). [potion of mutation]
  8543 | D:7      | Lost mutation: You are clumsy. (Dex -2) [potion of mutation]
  8543 | D:7      | Gained mutation: You are somewhat resistant to further mutation. [potion of mutation]
  8544 | D:7      | Lost mutation: You expend magic power (3 MP) to strengthen your wands. [potion of mutation]
  8544 | D:7      | Lost mutation: You have sharp toenails. [potion of mutation]
  8544 | D:7      | Lost mutation: You tend to lose your temper in combat. [potion of mutation]
  8544 | D:7      | Lost mutation: You are somewhat resistant to further mutation. [potion of mutation]
  8544 | D:7      | Gained mutation: You have a pair of small horns on your head. [potion of mutation]
  8544 | D:7      | Gained mutation: You are weak. (Str -2) [potion of mutation]
  8544 | D:7      | Gained mutation: You have large cloven feet. [potion of mutation]
  8545 | D:7      | Lost mutation: You are weak. (Str -2) [potion of mutation]
  8545 | D:7      | Lost mutation: You have a pair of small horns on your head. [potion of mutation]
  8545 | D:7      | Lost mutation: You have large cloven feet. [potion of mutation]
  8545 | D:7      | Gained mutation: You are weak. (Str -2) [potion of mutation]
  8545 | D:7      | Gained mutation: You can translocate small distances at will. [potion of mutation]
  8545 | D:7      | Gained mutation: Your mind is acute. (Int +2) [potion of mutation]
  8546 | D:7      | Lost mutation: Your mind is acute. (Int +2) [potion of mutation]
  8546 | D:7      | Lost mutation: You are weak. (Str -2) [potion of mutation]
  8546 | D:7      | Gained mutation: You are weak. (Str -2) [potion of mutation]
  8546 | D:7      | Gained mutation: You passively map a small area around you. [potion of mutation]
  8546 | D:7      | Gained mutation: You are resistant to hostile enchantments. (MR+) [potion of mutation]
  8652 | D:7      | Learned a level 3 spell: Mephitic Cloud
  8656 | D:7      | Learned a level 3 spell: Conjure Flame
  8662 | D:7      | Learned a level 5 spell: Venom Bolt
  8755 | D:7      | Found a staircase to the Ecumenical Temple.
  8761 | Temple   | Entered the Ecumenical Temple
  8794 | Temple   | Became a worshipper of Vehumet
  8902 | D:7      | You fall through a shaft for 3 floors!
  8902 | D:10     | Entered Level 10 of the Dungeon
  8988 | D:10     | Slain by a hornet

Skill      XL: |  1  2  3  4  5  6  7  8  9 |
---------------+----------------------------+-----
Dodging        | 2 3 4 5 |  5.1
Conjurations   | 2 3 4 5 |  5.5
Poison Magic   | 4 5 6 |  6.0
Spellcasting   | 3 4 5 |  5.1
Air Magic      | 1 2 3 |  3.8
Fighting       | 1 2 3 |  3.8
Maces & Flails | 1 |  1.2
Evocations     | 2 3 4 |  4.6
Stealth        | |  1.7

Action                   |  1- 3 |  4- 6 |  7- 9 || total
-------------------------+-------+-------+-------++-------
Melee: Unarmed           |     7 |       |       ||     7
       Dagger            |    24 |       |       ||    24
       Tailslap          |     7 |    17 |    21 ||    45
       Short sword       |    46 |    82 |       ||   128
       Flail             |       |    43 |    61 ||   104
       Long sword        |       |       |    67 ||    67
 Cast: Sting             |    42 |    43 |    20 ||   105
       Poisonous Vapours |    14 |    50 |    21 ||    85
       Olgreb's Toxic Ra |       |     2 |     4 ||     6
Evoke: Wand              |       |       |     7 ||     7
  Use: Scroll            |     8 |     4 |     3 ||    15
       Potion            |       |     1 |     5 ||     6
  Eat: Chunk             |     4 |    13 |     8 ||    25
       Bread ration      |       |     1 |     2 ||     3
Armor: Skin              |    18 |    45 |    40 ||   103
Dodge: Dodged            |    58 |    85 |    81 ||   224
       Rpst.: Long sword |       |       |    17 ||    17
